 Dungeon Crawl Stone Soup version 0.27.1-1-g398f81649c (webtiles) character file.

Game seed: 691156510514197847

1078 acemry the Cleaver (level 8, -7/64 HPs)
             Began as a Minotaur Fighter on Sept 5, 2021.
             Mangled by an ogre (13 damage)
             ... on level 4 of the Dungeon.
             The game lasted 00:08:59 (3775 turns).

acemry the Cleaver (Minotaur Fighter)               Turns: 3775, Time: 00:08:59

Health: -7/64      AC: 12    Str: 23    XL:     8   Next: 8%
Magic:  7/7        EV:  6    Int:  5    God:
Gold:   163        SH:  0    Dex: 10    Spells: 7/7 levels left

rFire    . . .     SeeInvis .   a - +0 war axe
rCold    . . .     Faith    .   (no shield)
rNeg     . . .     Spirit   .   n - +0 plate armour
rPois    .         Reflect  .   (helmet restricted)
rElec    .         Harm     .   (no cloak)
rCorr    .         Rampage  .   g - +0 pair of gloves
Will     .....                  (no boots)
Stlth    ..........             m - amulet of the acrobat
HPRegen  0.20/turn              (no ring)
MPRegen  0.10/turn              (no ring)

@: about to teleport
A: horns 2, retaliatory headbutt
a: no special abilities


You were on level 4 of the Dungeon.
You visited 1 branch of the dungeon, and saw 5 of its levels.

You collected 163 gold pieces.

Inventory:

Hand Weapons
 a - a +0 war axe (weapon)
 b - a +0 arbalest
Missiles
 q - 34 poisoned darts (quivered)
Armour
 c - a +0 kite shield
 g - a +0 pair of gloves (worn)
 l - a +0 scale mail
 n - a +0 plate armour (worn)
 o - a +0 chain mail
Jewellery
 m - an amulet of the acrobat (around neck)
Scrolls
 h - a scroll of noise {unknown}
 i - a scroll of teleportation
 k - a scroll of amnesia
 r - a scroll of identify
 s - a scroll of fear
Potions
 d - a potion of might
 e - 3 potions of curing
 f - a potion of degeneration {unknown}
 j - a potion of haste
 p - 2 potions of berserk rage {unknown}
 t - a potion of brilliance {unknown}
 u - a potion of heal wounds {unknown}


   Skills:
 - Level 3.6 Fighting
 + Level 11.4 Axes
 - Level 3.6 Armour
 - Level 3.6 Shields


You had 7 spell levels left.
You didn't know any spells.
Your spell library contained the following spells:

 Spells                   Type           Power      Damage    Failure   Level
 Corona                   Hex            0%         N/A       100%        1
 Shock                    Conj/Air       0%         1d3       100%        1
 Ensorcelled Hibernation  Hex/Ice        0%         N/A       100%        2
 Swiftness                Air            0%         N/A       100%        3
 Tukima's Dance           Hex            0%         N/A       100%        3
 Airstrike                Air            0%         N/A       100%        4


Dungeon Overview and Level Annotations

Branches:
Dungeon (5/15)
 Temple: D:4-7

Altars:
Fedhas


Innate Abilities, Weirdness & Mutations

You have a pair of horns on your head.
You reflexively headbutt those who attack you in melee.


Message History

You feel sick.
You feel sick.
You are no longer poisoned.
There is a stone staircase leading up here.
The gnoll hits you but does no damage.
You climb upwards.
There is a stone staircase leading down here.
You hit the gnoll. You headbutt the gnoll.
The gnoll is heavily wounded.
The gnoll hits you with a +0 club.
You barely miss the gnoll.
The gnoll is heavily wounded.
The gnoll hits you but does no damage.
You hit the gnoll but do no damage.
The gnoll is heavily wounded.
The gnoll hits you with a +0 club.
You slash the gnoll!
You kill the gnoll!
You start resting.
HP restored.
You climb downwards.
The ogre hits you with a +0 giant club!!
The ogre hits you with a +0 giant club!
There is a stone staircase leading up, spattered with blood here.
You hit the ogre but do no damage. You hit the ogre but do no damage.
The ogre hits you with a +0 giant club!
You hit the ogre.
The ogre is lightly wounded.
The ogre hits you with a +0 giant club.
* * * LOW HITPOINT WARNING * * *
You hit the ogre.
You headbutt the ogre, but do no damage.
The ogre is lightly wounded.
The ogre hits you with a +0 giant club!
* * * LOW HITPOINT WARNING * * *
You climb upwards.
There is a stone staircase leading down here.
As you read the scroll of teleportation, it crumbles to dust.
You feel strangely unstable. The ogre hits you with a +0 giant club!
You die...

#.......... #...#..#..#
#.......... # ##.######### # #..#
#... # ##.## #... # ####### #..#
#..[ # #.....########.## #... #
####.###...O@[()..########... #
#...........#######.....##... #
#)..............###.....##...
#.>.....................##...
#####................##.....##...
#...........#####...........##...
...#.....##..# ######.##.####.##
...#.....###.### #.##<#....#
...#.......#...## #....#....#


You could see an ogre.

Vanquished Creatures
  An ice beast (D:3)
  5 necrophages (D:4)
  2 scorpions
  A gnoll sergeant (D:5)
  A gnoll shaman (D:4)
  Terence (D:2)
  2 iguanas (D:4)
  A howler monkey zombie (D:4)
  Robin (D:2)
  A howler monkey skeleton (D:3)
  6 gnolls (D:4)
  6 adders
  An adder skeleton (D:4)
  2 adder zombies (D:4)
  2 dart slugs
  12 ball pythons
  8 endoplasms
  2 giant cockroaches (D:1)
  12 hobgoblins
  3 jackals (D:2)
  6 quokkas
  5 bats
  6 frilled lizards
  18 goblins
  9 kobolds
  5 rats
119 creatures vanquished.

Vanquished Creatures (others)
  A bush (D:4)
  11 plants (D:4)
12 creatures vanquished.

Grand Total: 131 creatures vanquished

Notes
Turn   | Place    | Note
-------+----------+-------------------------------------------
     0 | D:1      | acemry the Minotaur Fighter began the quest for the Orb.
     0 | D:1      | Reached XP level 1. HP: 19/19 MP: 0/0
   124 | D:1      | Reached skill level 3 in Axes
   127 | D:1      | Reached XP level 2. HP: 24/26 MP: 1/1
   182 | D:1      | Found a faded altar of an unknown god.
   228 | D:1      | Reached skill level 4 in Axes
   281 | D:1      | Reached XP level 3. HP: 26/31 MP: 2/2
   733 | D:2      | Reached skill level 5 in Axes
   736 | D:2      | Reached XP level 4. HP: 26/39 MP: 3/3
   864 | D:2      | Noticed Robin
   869 | D:2      | Killed Robin
  1391 | D:2      | Noticed Terence
  1405 | D:2      | Killed Terence
  1406 | D:2      | Reached skill level 6 in Axes
  1705 | D:2      | Reached XP level 5. HP: 45/45 MP: 4/4
  2251 | D:3      | Noticed an ice beast
  2258 | D:3      | Killed an ice beast
  2259 | D:3      | Reached skill level 7 in Axes
  2259 | D:3      | Reached XP level 6. HP: 15/51 MP: 5/5
  2658 | D:4      | Reached skill level 8 in Axes
  2885 | D:4      | Reached skill level 9 in Axes
  3085 | D:4      | Reached XP level 7. HP: 57/57 MP: 6/6
  3320 | D:4      | Found a blossoming altar of Fedhas.
  3527 | D:4      | Reached skill level 10 in Axes
  3555 | D:4      | Reached skill level 11 in Axes
  3590 | D:5      | Entered Level 5 of the Dungeon
  3626 | D:5      | Reached XP level 8. HP: 59/64 MP: 7/7
  3763 | D:5      | HP: 3/64 [ogre (11)]
  3775 | D:4      | Mangled by an ogre

Illustrated notes

Levels and vault maps discovered:
D:1:      minmay_arrival_three_doors, layout_rooms,
          chequers_ecumenical_altar_simple_redux, minmay_3d_cube
D:2:      layout_basic, uniq_terence, uniq_robin
D:3:      layout_basic
D:4:      layout_rooms, fedhas_altar_decomposition, columned_hall_lemuel
D:5:      layout_basic, minmay_temple_entry_antechambers, st_stairs_14

Skill      XL: |  1  2  3  4  5  6  7 |
---------------+----------------------+-----
Axes           | 3 4 5 6 7 9 11 | 11.4
Fighting       | |  3.6
Armour         | |  3.6
Shields        | |  3.6

Action                   |  1- 3 |  4- 6 |  7- 9 || total
-------------------------+-------+-------+-------++-------
Melee: War axe           |    65 |   139 |    65 ||   269
       Headbutt          |    15 |    15 |    11 ||    41
  Use: Scroll            |     2 |     4 |     1 ||     7
Armor: Scale mail        |    34 |    22 |       ||    56
       Chain mail        |       |    24 |       ||    24
       Plate armour      |       |    27 |    27 ||    54
Dodge: Dodged            |    43 |    71 |    23 ||   137
